Match 46053844
Unlisted

Match 46053844
End
Selects Luftwaffe Battlegroup
Selects Luftwaffe Pioneer Support
Fallschirmpioneer Squad Paradrop
Pioneer Squad
Construct Infanterie Kompanie
Construct Infanterie Kompanie
Fallschirmpioneer Squad Paradrop
Infanterie Officer Quarters
Selects Stuka Strafing Run
Selects Stuka Strafing Run
Fallschirmpioneer Squad Paradrop
Construct Luftwaffe Kompanie
Selects Fallschirmjäger Squad Paradrop
Fallschirmjäger Squad Paradrop
221 Scout Car
Selects LG40 Recoilless Gun Paradrop
Flak 30 Anti-aircraft Gun Team
Fallschirmjäger Squad Paradrop
Construct Panzer Kompanie
Selects Infantry Reserves
Stuka Strafing Run
Panzer IV Medium Tank
MG 42 Machine Gun Team
Panzer IV Medium Tank
laytovskiy
Sad Pepe
0
0

Comments sign in to comment!

No comments posted yet!